 Dungeon Crawl Stone Soup version 0.24-a0-484-g962a3eeff7 (webtiles) character file.

Game seed: 8103475003263829721

215 Peloso the Shield-Bearer (level 5, -11/47 HPs)
             Began as a Minotaur Fighter on July 9, 2019.
             Mangled by an orc wizard
             ... wielding a +0 dagger of electrocution
              (17 damage)
             ... on level 4 of the Dungeon.
             The game lasted 00:04:15 (2476 turns).

Peloso the Shield-Bearer (Minotaur Fighter)         Turns: 2476, Time: 00:04:16

Health: -11/47     AC:  7    Str: 21    XL:     5   Next: 60%
Magic:  4/4        EV:  8    Int:  5    God:
Gold:   136        SH: 10    Dex: 10    Spells: 4/4 levels left

rFire    . . .     SeeInvis .   a - +0 long sword
rCold    . . .     Gourm    .   c - +0 shield
rNeg     . . .     Faith    .   b - +0 scale mail
rPois    .         Spirit   .   (helmet restricted)
rElec    .         Reflect  .   (no cloak)
rCorr    .         Harm     .   (no gloves)
MR       .....                  (no boots)
Stlth    ..........             (no amulet)
HPRegen  0.15/turn              (no ring)
MPRegen  0.09/turn              (no ring)

@: no status effects
A: retaliatory headbutt, horns 2
a: no special abilities


You were on level 4 of the Dungeon.
You were hungry.

You visited 1 branch of the dungeon, and saw 4 of its levels.

You collected 136 gold pieces.

Inventory:

Hand Weapons
 a - a +0 long sword (weapon)
Armour
 b - a +0 scale mail (worn)
 c - a +0 shield (worn)
Jewellery
 e - an uncursed ring of magical power {unknown}
 k - an uncursed ring of ice {unknown}
Scrolls
 g - 4 scrolls of teleportation {unknown}
 h - 4 scrolls of identify {unknown}
 j - a scroll of immolation {unknown}
 l - 3 scrolls of fear {unknown}
 n - a scroll of blinking {unknown}
 p - a scroll of remove curse {unknown}
Potions
 d - 2 potions of might
 i - a potion of curing {unknown}
 m - a potion of ambrosia {unknown}
 o - a potion of degeneration {unknown}
 q - a potion of heal wounds {unknown}
Comestibles
 f - 2 rations


   Skills:
 + Level 4.5 Fighting
 + Level 4.0 Long Blades
 + Level 4.9 Armour
 + Level 0.9 Dodging
 + Level 5.2 Shields


You had 4 spell levels left.
You didn't know any spells.
Your spell library was empty.

Dungeon Overview and Level Annotations

Branches:
Dungeon (4/15)
 Temple: D:4-7

Altars:
Ashenzari
Ru
The Shining One


Innate Abilities, Weirdness & Mutations

You reflexively headbutt those who attack you in melee.
You have a pair of horns on your head.


Message History

You block the orc's attack. The orc hits you but does no damage.
The orc hits you with a +0 trident.
Unknown command.
The orc hits you but does no damage.
The orc hits you from afar with a +0 trident.
The orc completely misses you.
You see here a book of Misfortune.
A magic dart appears from out of thin air!
The magic dart hits you. You block the orc's attack.
You barely miss something. Your headbutt misses something.
The orc completely misses you. Something hits you but does no damage.
You miss something. Your headbutt misses something.
The orc hits you but does no damage. Something hits you but does no damage.
You are electrocuted!!
* * * LOW HITPOINT WARNING * * *
You block the orc's attack.
You miss something. Your headbutt misses something. Something hits you.
* * * LOW HITPOINT WARNING * * *
You are electrocuted!
You die...

#+# #.#
#######.###
####..@{oo...#
#....####....#
#.###.##.# #.....#
#.....<#.####...)#
#####........#.#)#
####.###.......
#.# #####.###
#.#######.#
#.........#


You could see 2 orcs.

Vanquished Creatures
  2 orc priests (D:4)
  4 gnolls
  5 adders
  An ooze (D:1)
  3 worms
  A dart slug (D:3)
  6 leopard geckos
  An orc (D:3)
  2 giant cockroaches (D:1)
  4 hobgoblins
  6 kobolds
  7 bats
  A frilled lizard (D:1)
  6 goblins
  8 rats
57 creatures vanquished.

Notes
Turn   | Place    | Note
-------+----------+-------------------------------------------
     0 | D:1      | Peloso the Minotaur Fighter began the quest for the Orb.
     0 | D:1      | Reached XP level 1. HP: 19/19 MP: 0/0
   170 | D:1      | Reached XP level 2. HP: 22/27 MP: 1/1
   338 | D:1      | Reached skill level 4 in Shields
   443 | D:1      | Reached XP level 3. HP: 33/33 MP: 2/2
   840 | D:2      | Found a shattered altar of Ashenzari.
   998 | D:2      | Reached XP level 4. HP: 36/40 MP: 3/3
  1201 | D:2      | Found a sacrificial altar of Ru.
  1500 | D:3      | HP: 2/40 [gnoll/cursed -1 flail (8)]
  1525 | D:2      | Reached skill level 5 in Shields
  2103 | D:3      | Reached XP level 5. HP: 38/47 MP: 4/4
  2125 | D:3      | Found a glowing golden altar of the Shining One.
  2476 | D:4      | Mangled by an orc wizard

Levels and vault maps discovered:
D:1:      lemuel_arrival_funnel, layout_loops_ring
D:2:      kennysheep_big_flooded_room, layout_loops_ring,
          nicolae_ru_the_path_less_chosen, ashenzari_conservatory_becter,
          feat_on_display
D:3:      layout_loops_ring, overflow_temple_1_default
D:4:      layout_loops_corners, first_ration, uniq_edmund

Skill      XL: |  1  2  3  4  5 |
---------------+----------------+-----
Armour         | 4 |  4.9
Fighting       | 4 |  4.5
Shields        | 4 5 |  5.2
Long Blades    | 3 4 |  4.0
Dodging        | |  0.9

Action                   |  1- 3 |  4- 6 || total
-------------------------+-------+-------++-------
Melee: Long sword        |    81 |    72 ||   153
       Headbutt          |    10 |    10 ||    20
  Eat: Ration            |       |     1 ||     1
       Chunk             |       |     1 ||     1
Armor: Scale mail        |    59 |    31 ||    90
Dodge: Dodged            |    23 |    35 ||    58
Block: Shield            |    47 |    57 ||   104
       Rpst.: Long sword |     3 |    10 ||    13

Table legend:
 A = Non-vault XP
 B = Vault XP
 C = Vault XP percentage of total XP
 D = Non-vault monster count
 E = Vault monster count
 F = Vault count percentage of total count
                 A         B        C        D         E       F
            +---------+---------+-------+---------+---------+-------
      Total |     304 |       4 |   1.3 |      55 |       2 |   3.5
            +---------+---------+-------+---------+---------+-------
        D:1 |      45 |       0 |   0.0 |      24 |       0 |   0.0
        D:2 |     105 |       4 |   3.7 |      13 |       2 |  13.3
        D:3 |      71 |       0 |   0.0 |      16 |       0 |   0.0
        D:4 |      83 |       0 |   0.0 |       2 |       0 |   0.0
            +---------+---------+-------+---------+---------+-------
